[Event "Early-Titled-Tuesday-Blitz-April-02-2024"]
[Site "Chess.com"]
[Date "2024.04.02"]
[Round "3"]
[White "HonestJoe1"]
[Black "Matols"]
[Result "0-1"]
[WhiteElo "2050"]
[BlackElo "2361"]
[TimeControl "180+1"]
[EndTime "8:28:06 PDT"]
[Termination "Matols won on time"]

1. d4 d5 2. Nf3 Nf6 3. c4 e6 4. g3 Bb4+ 5. Bd2 Be7 6. Bg2 O-O 7.
Qc2 c6 8. h4 Nbd7 9. Ng5 dxc4 10. Na3 e5 11. dxe5 Nxe5 12. Nxc4 Nxc4 13. Qxc4 Bf5 14.
Rd1 Qb6 15. Qc1 Bc5 16. O-O Ng4 17. e3 Rad8 18. Be4 Bxe4 19. Nxe4 Bb4 20. Bxb4 Qxb4 21. Nc3 h5 22. Rxd8 Rxd8 23. Rd1 Qe7 24. Rxd8+ Qxd8 25. Qd1 Qxd1+ 26. Nxd1 Kf8 27. Kg2 Ke7 28. Kf3 Ke6 29. Nc3 Ke5 30. Na4 b6 31. Nc3 g6 32. Ke2 Nf6 33.
f3 Nd5 34. Nd1 c5 35. e4 Nb4 36. a3 Nc6 37. Ke3 Na5 38. f4+ Ke6 39. Kd3 b5 40.
Ne3 Nc6 41. Nd5 Kd6 42. Nc3 a6 43. e5+ Ke6 44. Ke4 Nd4 45. Nd5 Ne2 46. Nc7+ Kd7 47. Nxa6 Kc6 48. Nb8+ Kc7 49. Na6+ Kb6 50. Nb8 Nxg3+ 0-1

[Event "Early-Titled-Tuesday-Blitz-April-02-2024"]
[Site "Chess.com"]
[Date "2024.04.02"]
[Round "3"]
[White "yosephtaher"]
[Black "Korchmar_Vasiliy"]
[Result "0-1"]
[WhiteElo "2930"]
[BlackElo "2734"]
[TimeControl "180+1"]
[EndTime "8:28:07 PDT"]
[Termination "Korchmar_Vasiliy won by resignation"]

1. d4 d5 2. Nc3 Nf6 3. Bf4 Bf5 4. e3 e6 5. Nf3 Nbd7 6. Nb5 Bb4+ 7. c3 Ba5 8. b4 Bb6 9. a4 a5 10. Be2 O-O 11. O-O Ne4 12. Qb3 h6 13. h3 Ndf6 14. Rfc1 Qe7 15. Bh2 Rfc8 16. bxa5 Bxa5 17. c4 c6 18. Na3 c5 19. Nb5 Bh7 20. Ne5 Nd2 21. Qd1 dxc4 22. Nxc4 Nxc4 23. Bxc4 cxd4 24. Qxd4 Ne4 25.
Bd3 Rd8 26. Qc4 Rxd3 27. Qxd3 Nxf2 28. Qd6 Qh4 29. Qf4 Qxf4 30. Bxf4 Nd3 31. Rc4 Bb6 32. Kh2 e5 33. Bg3 Bxe3 34. Nd6 b6 35. Rc8+ Rxc8 36.
Nxc8 f5 37. Ne7+ Kf7 38. Nd5 Bd4 39. Rd1 f4 40. Be1 g5 41. Nc7 h5 42. Nb5 Bc5 43.
Bc3 g4 44. hxg4 hxg4 45. g3 f3 46. Nc7 f2 47. Nd5 Be4 48. Nxb6 Bf3 49. a5 Bxd1 0-1

[Event "Early-Titled-Tuesday-Blitz-April-02-2024"]
[Site "Chess.com"]
[Date "2024.04.02"]
[Round "3"]
[White "SuperJesus88"]
[Black "Kildepiotr"]
[Result "0-1"]
[WhiteElo "2519"]
[BlackElo "2758"]
[TimeControl "180+1"]
[EndTime "8:28:08 PDT"]
[Termination "Kildepiotr won on time"]

1. e4 g6 2. d4 Bg7 3. Nc3 c6 4. Be3 d5 5. Nf3 dxe4 6. Nxe4 Nf6 7. Nxf6+ Bxf6 8. h4 h5 9. Qd2 Be6 10. Ng5 Bxg5 11.
hxg5 Nd7 12. c4 Nb6 13. b3 Qd7 14. a4 Nc8 15. O-O-O Nd6 16. Kb2 Rd8 17. Qc3 O-O 18.
Bd3 Bf5 19. Be2 b5 20. axb5 cxb5 21. c5 Ne4 22. Qa5 Qd5 23. Qxb5 Rb8 24. Qc4 Qb7 25.
c6 Qc7 26. d5 a5 27. g4 Rb4 28.
gxf5 Rxc4 29. Bxc4 Qe5+ 30. Bd4 Qxf5 31. Rhe1 Nd6 32.
Rxe7 a4 33. Re5 Qf3 34. Rd3 Nxc4+ 35. Kc3 Nxe5 36. Rxf3 Nxf3 37. bxa4 h4 38. d6 h3 39. d7 h2 40. c7 h1=Q 41. d8=Q Qa1+ 42. Kc4 Qxd4+ 43.
Qxd4 Nxd4 44. Kxd4 Rc8 0-1

[Event "Early-Titled-Tuesday-Blitz-April-02-2024"]
[Site "Chess.com"]
[Date "2024.04.02"]
[Round "3"]
[White "sebsep"]
[Black "SteinerPro12"]
[Result "1-0"]
[WhiteElo "2612"]
[BlackElo "2329"]
[TimeControl "180+1"]
[EndTime "8:28:08 PDT"]
[Termination "sebsep won on time"]

1. e4 c6 2. d4 d5 3. exd5 cxd5 4. Bd3 Nc6 5. c3 Nf6 6. Bf4 Bg4 7. Qb3 Qd7 8. Nd2 e6 9. Ngf3 Bd6 10. Bxd6 Qxd6 11. O-O O-O 12. Rfe1 a6 13. Ne5 Bh5 14. a3 Nd7 15. f4 f6 16. Nxd7 Qxd7 17. Qc2 h6 18.
Nf1 Rae8 19. Ng3 Bf7 20. Re3 e5 21. fxe5 fxe5 22. dxe5 Rxe5 23. Rxe5 Nxe5 24. Re1 Nxd3 25. Qxd3 Qc6 26. Qd4 Re8 27. Rxe8+ Qxe8 28. Kf2 Qd7 29. h3 Qe6 30. Qe3 Qf6+ 31. Kg1 Bg6 32. Ne2 Be4 33. Ng3 Bg6 34. Kh2 h5 35. Kg1 h4 36. Nf1 Be4 37. Nd2 Bg6 38. Qf2 Qg5 39. a4 Be4 40. a5 Qh6 41.
Qe2 Qf4 42. Qf2 Qg5 43. Qe2 Qf4 44. b4 1-0

[Event "Early-Titled-Tuesday-Blitz-April-02-2024"]
[Site "Chess.com"]
[Date "2024.04.02"]
[Round "3"]
[White "Alenzer"]
[Black "LiadCuba"]
[Result "0-1"]
[WhiteElo "2195"]
[BlackElo "2558"]
[TimeControl "180+1"]
[EndTime "8:28:09 PDT"]
[Termination "LiadCuba won by resignation"]

1. e4 c5 2. Nf3 d6 3. c3 Nf6 4. h3 b6 5. Bd3 Bb7 6. Qe2 Nbd7 7.
Bc2 e6 8. O-O Rc8 9. d3 Be7 10.
Nbd2 O-O 11. Re1 b5 12. a3 a5 13. Nf1 b4 14. axb4 axb4 15. Bd2 Qb6 16. Ne3 Ba6 17. Nc4 Bxc4 18. dxc4 b3 19. Bd3 Ra8 20. e5 dxe5 21. Nxe5 Nxe5 22. Qxe5 Ra2 23. Rab1 Rd8 24. Qg3 Qd6 25.
Re3 Qxg3 26. Rxg3 Ne4 27. Bxe4 Rxd2 28. Rd3 Rdxb2 29. Rbd1 g6 30. Rd7 Bg5 31. Rb7 Re2 32. Bc6 b2 33. Rb1 Bc1 34. Bf3 Re1+ 35. Kh2 Bf4+ 36.
g3 Rxb1 37. gxf4 Rc1 38. f5 gxf5 39. Rb8+ Kg7 0-1

[Event "Early-Titled-Tuesday-Blitz-April-02-2024"]
[Site "Chess.com"]
[Date "2024.04.02"]
[Round "3"]
[White "DefenceWinsChampionships"]
[Black "bazar-wokzal"]
[Result "0-1"]
[WhiteElo "2313"]
[BlackElo "2551"]
[TimeControl "180+1"]
[EndTime "8:28:09 PDT"]
[Termination "bazar-wokzal won on time"]

1. e4 Nc6 2. Nc3 Nf6 3. Nf3 d5 4. exd5 Nxd5 5. d3 Bg4 6. Be2 e6 7. h3 Bh5 8. Bd2 Be7 9. a3 O-O 10. O-O Bxf3 11. Bxf3 Nd4 12. Nxd5 exd5 13. Bc3 Bf6 14.
Bxd4 Bxd4 15. c3 Bb6 16. d4 c6 17. Qd3 Bc7 18. g3 g6 19. Rae1 h5 20. h4 Qf6 21.
Bd1 Rae8 22. Kg2 Re6 23. Rxe6 Qxe6 24. Bf3 Re8 25. Rd1 Kg7 26. Rd2 Qe1 27. Re2 Rxe2 28.
Qxe2 Qxe2 29. Bxe2 Kh6 30. f3 g5 31. hxg5+ Kxg5 32.
f4+ Kg6 33. Kf3 Bd8 34. Bd3+ f5 35. Bc2 Kf6 36. Bd3 Ke6 37. Be2 h4 38. gxh4 Bxh4 39. Bd3 Be1 40. Ke2 Bg3 41. Kf3 Bh2 42. b3 Bg1 43.
Ke2 Kf6 44. Kf3 b6 45. a4 c5 46. dxc5 bxc5 47. Ba6 Bh2 48. b4 d4 49. cxd4 cxb4 50.
Bc4 Bg1 51. d5 Ke7 52. Kg2 Bd4 53. Kf3 Kd6 54. Bb3 Kc5 55. Ke2 Bb2 0-1

[Event "Early-Titled-Tuesday-Blitz-April-02-2024"]
[Site "Chess.com"]
[Date "2024.04.02"]
[Round "3"]
[White "ljuks68"]
[Black "rionelG"]
[Result "1-0"]
[WhiteElo "2403"]
[BlackElo "2192"]
[TimeControl "180+1"]
[EndTime "8:28:09 PDT"]
[Termination "ljuks68 won on time"]

1. e4 c5 2. Nf3 d6 3. d4 cxd4 4. Nxd4 Nf6 5. Nc3 a6 6. Bg5 e6 7. f4 h6 8. Bh4 Qb6 9. a3 Be7 10.
Bf2 Qc7 11. Qe2 Nbd7 12. O-O-O b5 13. g4 Bb7 14. Rg1 g5 15. h4 gxf4 16. g5 hxg5 17.
hxg5 f3 18. Qxf3 Ne5 19. Qe2 Nh7 20. g6 Bg5+ 21. Kb1 Nxg6 22. Ndxb5 axb5 23. Nxb5 Qe7 24. Nxd6+ Kf8 25. Bc5 Rc8 26. Bb4 Kg7 27. Nxc8 Qc7 28. Nd6 Bf6 29. Bh3 Ra8 30. Bf5 exf5 31. exf5 Bd5 32.
fxg6 fxg6 33. Qg4 Ng5 34. Rxd5 1-0

[Event "Early-Titled-Tuesday-Blitz-April-02-2024"]
[Site "Chess.com"]
[Date "2024.04.02"]
[Round "3"]
[White "SipkeErnst"]
[Black "alexrustemov"]
[Result "1-0"]
[WhiteElo "2693"]
[BlackElo "2890"]
[TimeControl "180+1"]
[EndTime "8:28:10 PDT"]
[Termination "SipkeErnst won by checkmate"]

1. d4 d5 2. c4 dxc4 3. Nf3 Nf6 4.
e3 e6 5. Bxc4 c5 6. O-O a6 7.
Re1 Nc6 8. Nc3 b5 9. Bf1 cxd4 10. exd4 Be7 11. Ne5 Bb7 12. Qf3 Rc8 13. Qg3 g6 14. Bh6 Qxd4 15. Rad1 Qc5 16. Bg7 Rg8 17. Bxf6 Bxf6 18.
Nd7 Qe7 19. Nxf6+ Qxf6 20. Ne4 Qe7 21. Nd6+ Kf8 22. Nxc8 Bxc8 23. a4 bxa4 24. Qc3 Bb7 25. Bxa6 Bxa6 26. Qxc6 Qb7 27. Rd8+ Kg7 28. Qc3+ f6 29. Rxg8+ Kxg8 30. Qxf6 Bc4 31. h4 Bd5 32.
h5 gxh5 33. Re5 h6 34. Qxh6 Qxb2 35. Qg6+ Kf8 36. Qf6+ Ke8 37. Rxe6+ Bxe6 38. Qxb2 Kf7 39. Qb4 Bb3 40. Kh2 Kg6 41. Kg3 Kg5 42. Qc5+ Kg6 43. Kf4 Be6 44. Qc6 Kf6 45. Qxa4 h4 46. Qd4+ Kf7 47. Qh8 h3 48. g4 Bd7 49. Qxh3 Ke7 50.
Qc3 Kd6 51. f3 Be6 52. g5 Kd7 53. g6 Ke7 54. g7 Kf7 55. Kg5 Kg8 56. Kh6 Kf7 57.
g8=B+ Kxg8 58. Qg7# 1-0

[Event "Early-Titled-Tuesday-Blitz-April-02-2024"]
[Site "Chess.com"]
[Date "2024.04.02"]
[Round "3"]
[White "KVAIDAN"]
[Black "chess123456s"]
[Result "0-1"]
[WhiteElo "2328"]
[BlackElo "2596"]
[TimeControl "180+1"]
[EndTime "8:28:10 PDT"]
[Termination "chess123456s won by resignation"]

1. f4 d5 2. Nf3 Nf6 3. e3 Bg4 4. h3 Bxf3 5. Qxf3 e6 6. b3 g6 7. Bb2 Bg7 8. Be2 O-O 9. O-O c5 10. d3 Nc6 11. Nd2 a5 12. a4 b6 13. Rad1 Nb4 14.
Rc1 Qe7 15. e4 Rfd8 16. f5 dxe4 17. Bxf6 exf3 18. Bxe7 fxe2 19. Rfe1 Bd4+ 20. Kh1 Re8 21. f6 Nd5 22. Rxe2 Nxf6 23. Bxf6 Bxf6 24. Ne4 Bg7 25. Nd6 Red8 26. Nc4 Rab8 27. Rf1 Rd5 28. Ref2 Rb7 29.
Rf3 Bd4 30. Nd2 f5 31. g4 Kf7 32. Ne4 Kg7 33. Ng5 Re7 34. gxf5 exf5 35. h4 Rde5 36.
h5 Re1 37. Kg2 Rxf1 38. Kxf1 Kh6 39. Nh3 Kxh5 40. Nf2 Bxf2 41. Kxf2 Kg5 42. c3 h5 43.
d4 cxd4 44. cxd4 f4 45. d5 Rd7 46. Rd3 Kf5 47. Kg2 g5 48. Rd1 g4 49. Rh1 Kg5 50. Rd1 h4 51. d6 f3+ 52. Kf2 Kf5 53. Rd4 Kg5 54. Rd5+ Kf4 55. Rd4+ Kf5 56. Ke3 h3 57. Kf2 h2 58. Rd1 Rxd6 59. Rh1 Rd2+ 60. Kg3 Rg2+ 61. Kh4 g3 62. b4 Rg1 63. Rxh2 gxh2 0-1

[Event "Early-Titled-Tuesday-Blitz-April-02-2024"]
[Site "Chess.com"]
[Date "2024.04.02"]
[Round "3"]
[White "FMStan15"]
[Black "ArchibaldCerveza29"]
[Result "1-0"]
[WhiteElo "2118"]
[BlackElo "2356"]
[TimeControl "180+1"]
[EndTime "8:28:10 PDT"]
[Termination "FMStan15 won by checkmate"]

1. e4 Nc6 2. d4 d5 3. e5 f6 4. Nf3 Bg4 5. Bf4 Qd7 6. Be2 O-O-O 7. O-O fxe5 8. Nxe5 Nxe5 9. Bxe5 Bxe2 10. Qxe2 e6 11. c3 Nf6 12. Nd2 Bd6 13. Nf3 Rdf8 14. b4 Rhg8 15. Rae1 g5 16. Bxf6 Rxf6 17. Ne5 Qg7 18. Ng4 Rg6 19. a4 h5 20. Ne5 Rh6 21. b5 g4 22. a5 h4 23. b6 a6 24. bxc7 Rh5 25. c4 dxc4 26. Nxc4 Bxc7 27. Qxe6+ Kb8 28.
d5 g3 29. fxg3 hxg3 30. h3 Qd4+ 31. Ne3 Rd8 32. Qg4 Qh8 33. Rb1 Re5 34. Qb4 b5 35. axb6 Bd6 36. Qc3 Rc8 37. Qd3 Rxe3 38. Qxa6 Ra3 39.
Qb5 Ra2 40. Kh1 Bc5 41. Qd7 Rf2 42. Rfc1 Qd8 43. Qa7# 1-0

[Event "Early-Titled-Tuesday-Blitz-April-02-2024"]
[Site "Chess.com"]
[Date "2024.04.02"]
[Round "3"]
[White "A-Fier"]
[Black "Meri-Arabidze"]
[Result "1/2-1/2"]
[WhiteElo "2904"]
[BlackElo "2691"]
[TimeControl "180+1"]
[EndTime "8:28:11 PDT"]
[Termination "Game drawn - insufficient material"]

1. d4 Nf6 2. Bg5 d5 3. Bxf6 exf6 4. e3 Bd6 5. g3 O-O 6. Bg2 c6 7. Ne2 Bg4 8. Nd2 Re8 9. Bf3 Bh3 10. c4 dxc4 11. Nxc4 Bb4+ 12. Nc3 Nd7 13. Qc2 Nb6 14. Nxb6 axb6 15. a3 Qxd4 16. Rd1 Bxc3+ 17. bxc3 Qc5 18. a4 Rad8 19. c4 Bf5 20. Qb3 Be6 21.
Rxd8 Rxd8 22. Be2 Bh3 23. f3 h5 24. Kf2 Rd2 25. Rd1 Rxd1 26. Qxd1 g6 27. Qd8+ Kg7 28. Qc7 Be6 29. Qf4 Qb4 30. g4 hxg4 31.
fxg4 Qxa4 32. h4 Qa1 33. h5 Qe5 34. Kg3 Qxf4+ 35. Kxf4 Bd7 36. Ke4 b5 37. c5 Be6 38.
Kd4 gxh5 39. gxh5 Kh6 40. Kc3 Kg5 41. Kb4 Bc4 42. Bd1 f5 43. Ka5 Kh6 44. Bf3 Bd5 45.
Bxd5 cxd5 46. Kxb5 Kxh5 47. Kb6 d4 48. exd4 f4 49.
Kxb7 f3 50. c6 f2 51. c7 f1=Q 52. c8=Q Qb5+ 53. Ka7 Qa4+ 54. Kb8 Qxd4 55. Qf5+ Kh6 56. Qxf7 Qb4+ 57. Kc8 Qc3+ 58. Kd7 Qd4+ 59. Kc6 Qc3+ 60.
Kb5 Qb2+ 61. Ka4 Qa1+ 62. Kb4 Qb2+ 63. Kc5 Qc3+ 64. Kd6 Qd4+ 65. Ke7 Qe5+ 66. Qe6+ Qxe6+ 67. Kxe6 1/2-1/2

[Event "Early-Titled-Tuesday-Blitz-April-02-2024"]
[Site "Chess.com"]
[Date "2024.04.02"]
[Round "3"]
[White "Darkdefense15"]
[Black "IakovUlivar"]
[Result "1-0"]
[WhiteElo "2325"]
[BlackElo "2568"]
[TimeControl "180+1"]
[EndTime "8:28:11 PDT"]
[Termination "Darkdefense15 won on time"]

1. d4 g6 2. Bf4 Bg7 3. Nc3 d6 4. e4 Nc6 5. Nge2 e5 6. Be3 Bd7 7. f3 exd4 8. Nxd4 Nge7 9. Qd2 O-O 10. O-O-O Nxd4 11. Bxd4 Bxd4 12. Qxd4 Nc6 13. Qd2 Be6 14. h4 f5 15. h5 f4 16. hxg6 hxg6 17. Nd5 Bxd5 18.
Qxd5+ Kg7 19. Bc4 Ne5 20. Bb3 Rb8 21. Rh3 Rh8 22. Rxh8 Qxh8 23. Qe6 Re8 24. Qd5 b6 25. Ba4 Rf8 26. Bb3 a5 27. Qb7 Qh2 28. Qxc7+ Kh6 29. Qxd6 Re8 30. Ba4 Nc4 31. Qd4 Rc8 32. Bd7 Rd8 33.
Qxc4 Qxg2 34. Qd4 Qxf3 35. b3 Kg5 36. Rg1+ Kh6 37. Qf6 Qe3+ 38. Kb2 Qxg1 39. Qxd8 Qd4+ 40. c3 Qd2+ 41. Kb1 Qd1+ 42. Kb2 Qd2+ 43. Ka3 1-0

[Event "Early-Titled-Tuesday-Blitz-April-02-2024"]
[Site "Chess.com"]
[Date "2024.04.02"]
[Round "3"]
[White "MIss_MIaMI"]
[Black "ricaurtelopezj1955"]
[Result "0-1"]
[WhiteElo "2363"]
[BlackElo "2169"]
[TimeControl "180+1"]
[EndTime "8:28:11 PDT"]
[Termination "ricaurtelopezj1955 won by checkmate"]

1. e4 e6 2. d4 d5 3. exd5 exd5 4. Qf3 Bd6 5. Bd3 Ne7 6. h3 Nbc6 7. c3 Be6 8. Ne2 Qd7 9. Be3 O-O-O 10. Nd2 f6 11. O-O-O g5 12. Qxf6 Rdf8 13. Qxg5 Rhg8 14. Qh4 Rxg2 15.
Nf4 Bxf4 16. Bxf4 Ng6 17. Bxg6 hxg6 18. Bg3 Na5 19. Qg5 Rfxf2 20. Qxg6 Rf8 21. Rdf1 Rg8 22. Qxg8+ Bxg8 23. Rf8+ Qd8 24. Rxd8+ Kxd8 25. Bh4+ Kd7 26. Bf6 Bh7 27. h4 Nc4 28. Nxc4 dxc4 29. Rg1 Rxg1+ 30. Kd2 Rh1 31. b3 cxb3 32. axb3 a5 33. c4 Rh3 34. d5 b6 35. Bc3 c6 36. dxc6+ Kxc6 37. Bf6 Rxb3 38.
Bc3 a4 39. Bf6 a3 40. Kc1 a2 41. Bg7 a1=Q+ 42. Kd2 Qa2+ 43. Bb2 Rxb2+ 44. Kd1 Rb1# 0-1

[Event "Early-Titled-Tuesday-Blitz-April-02-2024"]
[Site "Chess.com"]
[Date "2024.04.02"]
[Round "3"]
[White "Ergali_Suleimen"]
[Black "Alexei_Gubajdullin"]
[Result "0-1"]
[WhiteElo "2442"]
[BlackElo "2639"]
[TimeControl "180+1"]
[EndTime "8:28:12 PDT"]
[Termination "Alexei_Gubajdullin won by resignation"]

1. e4 g6 2. d4 Bg7 3. Nc3 d6 4. f4 c6 5. Nf3 Bg4 6. Be3 Qb6 7. Rb1 Bxf3 8. gxf3 d5 9. exd5 Nf6 10. f5 Nxd5 11.
Nxd5 cxd5 12. Bd3 Nc6 13. c3 Bf6 14. O-O g5 15. f4 Rg8 16. Kh1 g4 17. Rg1 h5 18. h3 O-O-O 19. hxg4 hxg4 20. Rxg4 Rh8+ 21. Kg2 Rh7 22. Qf3 Qa5 23. a3 Rdh8 24. Bg1 Rh3 25.
Rg3 R3h4 26. Rg4 R4h7 27. Re1 Qd8 28. Qg3 Rh3 29. Qxh3 Rxh3 30. Kxh3 Na5 31. Be3 Nc4 32. Reg1 Qb6 33. Bxc4 dxc4 34. R1g2 Qb5 35. Kg3 Qxf5 36. Kf3 Kd7 37. Rd2 Qb1 38. Rgg2 Qf1+ 39. Rgf2 Qh1+ 40. Rg2 a5 41. Bf2 b5 42. Be3 Qh5+ 43. Kf2 Bh4+ 44. Kg1 Qf3 45. Bf2 Bf6 46. f5 Qxf5 47. Be1 Bg5 48.
Rde2 Bf6 49. Bg3 Qd3 50. Be5 Qd1+ 51. Kh2 Bh4 52. Bg3 Bg5 53. Be5 f6 54. Bg3 Qd3 55.
Rgf2 Be3 56. Rg2 Bc1 57. Bh4 Qf3 58. Bg3 Qh5+ 59. Kg1 Qh3 60. Rh2 Qxg3+ 0-1

[Event "Early-Titled-Tuesday-Blitz-April-02-2024"]
[Site "Chess.com"]
[Date "2024.04.02"]
[Round "3"]
[White "HATilay"]
[Black "Attacker_2006"]
[Result "0-1"]
[WhiteElo "2605"]
[BlackElo "2444"]
[TimeControl "180+1"]
[EndTime "8:28:13 PDT"]
[Termination "Attacker_2006 won on time"]

1. e4 g6 2. d4 Bg7 3. Nc3 d6 4. Be3 a6 5. f3 b5 6. Qd2 Bb7 7. h4 h6 8. Nh3 Nd7 9. a4 b4 10. Ne2 c5 11. g4 Ngf6 12. Bg2 Rc8 13. O-O a5 14. Rfc1 h5 15. g5 Nh7 16. c3 O-O 17. cxb4 cxb4 18. Nf2 Rxc1+ 19. Rxc1 Nb6 20. b3 Qd7 21.
Bh3 e6 22. d5 Nc8 23. Nd4 Re8 24. Nd3 Nf8 25. Qc2 Qe7 26. dxe6 Nxe6 27. Nxe6 fxe6 28. Qc7 Qf8 29. Nf4 Re7 30. Qb8 Be5 31. Nxg6 Qxf3 32. Nxe7+ Kh7 33. g6+ Kg7 34. Nf5+ Kxg6 35. Rc2 Qd1+ 36.
Bf1 Qxc2 37. Bf2 Qxe4 38. Ng3 Qf3 39. Qc7 Bxg3 0-1

[Event "Early-Titled-Tuesday-Blitz-April-02-2024"]
[Site "Chess.com"]
[Date "2024.04.02"]
[Round "3"]
[White "MikeWizard"]
[Black "Vasily_IM"]
[Result "0-1"]
[WhiteElo "2182"]
[BlackElo "2558"]
[TimeControl "180+1"]
[EndTime "8:28:13 PDT"]
[Termination "Vasily_IM won on time"]

1. d4 d5 2. c4 e6 3. Nc3 Nf6 4. cxd5 exd5 5. Bg5 Be7 6. Qc2 O-O 7.
e3 Nbd7 8. Bd3 c6 9. h3 Re8 10. Nf3 Nf8 11. Ne5 N6d7 12. Bxe7 Rxe7 13. Nxd7 Bxd7 14. b4 Qb6 15. Rb1 Qxd4 16. O-O Qf6 17. b5 Qh4 18. bxc6 bxc6 19. Rb7 Re6 20. Bf5 Rd6 21.
Rfb1 a5 22. Rb8 Rxb8 23. Rxb8 Qe7 24. Bxh7+ Kh8 25. Bf5 d4 26. Bxd7 Rxd7 27. exd4 Rxd4 28. Ne2 Rd6 29. Ng3 Kg8 30. Kh2 Rf6 31. Qd2 g6 32. f3 Kg7 33. Qxa5 Ne6 34. Qc3 Nf4 35. Rb6 Nd5 36. Qb2 Nxb6 37. Qxb6 c5 38. Qb2 Qd6 39.
a4 Qd5 40. Ne4 Qd4 41. Qb5 Qe5+ 0-1

[Event "Early-Titled-Tuesday-Blitz-April-02-2024"]
[Site "Chess.com"]
[Date "2024.04.02"]
[Round "3"]
[White "robertoalejandro10"]
[Black "Skatchkov_V"]
[Result "0-1"]
[WhiteElo "2495"]
[BlackElo "2666"]
[TimeControl "180+1"]
[EndTime "8:28:14 PDT"]
[Termination "Skatchkov_V won by checkmate"]

1. Nf3 d5 2. b3 Nf6 3. Bb2 Bf5 4.
c4 e6 5. g3 h6 6. Bg2 c6 7.
O-O Nbd7 8. d3 Bh7 9. Nbd2 Bd6 10. a3 O-O 11. Ra2 a5 12. Qa1 Re8 13. Ne5 Nxe5 14.
Bxe5 Bxe5 15. Qxe5 Nd7 16. Qa1 Qe7 17. Rc1 h5 18. Rac2 h4 19. Qb2 hxg3 20. hxg3 Rad8 21. b4 axb4 22. axb4 Qg5 23. b5 Qh5 24. Nf3 c5 25. b6 Bf5 26. Qb5 Bg4 27. Ra2 Bxf3 28. Bxf3 Qg5 29. Rb1 Ne5 30. Kg2 dxc4 31. dxc4 Qf5 32. Ra7 Re7 33. Rb2 Rd1 34. Rba2 Nxf3 35. exf3 Qh5 36.
Ra8+ Kh7 37. g4 Qh1+ 38. Kg3 g5 39. f4 Rg1# 0-1

[Event "Early-Titled-Tuesday-Blitz-April-02-2024"]
[Site "Chess.com"]
[Date "2024.04.02"]
[Round "3"]
[White "Donskov_AN"]
[Black "Journey_to_GrandMaster_YT"]
[Result "1-0"]
[WhiteElo "2382"]
[BlackElo "2587"]
[TimeControl "180+1"]
[EndTime "8:28:14 PDT"]
[Termination "Donskov_AN won on time"]

1. e4 d6 2. d4 Nf6 3. Nc3 e5 4. Nf3 Nbd7 5. Bc4 Be7 6. O-O O-O 7. Re1 c6 8. a4 a5 9. h3 Nb6 10. Ba2 Nfd7 11. Be3 exd4 12. Nxd4 Nc5 13. Nf5 Bxf5 14. exf5 Nbxa4 15. Nxa4 Nxa4 16. Qg4 Nc5 17. Rad1 Nd7 18. Bh6 Bf6 19. Rxd6 Kh8 20. Bf4 Re8 21. Red1 Re7 22. Rxf6 gxf6 23. Bh6 Qg8 24. Qh4 Qd8 25. Qh5 Qe8 26.
Rd4 Re1+ 27. Kh2 Qe5+ 28. Rf4 Qe7 29. Rh4 Rg8 30. Bxf7 Ne5 31. Bxg8 Kxg8 32. Bd2 Rf1 33.
Be3 Rb1 34. Rd4 Rxb2 35. Qd1 Kf7 36. Rd8 Rb4 37. Bh6 1-0

[Event "Early-Titled-Tuesday-Blitz-April-02-2024"]
[Site "Chess.com"]
[Date "2024.04.02"]
[Round "3"]
[White "Shiner22"]
[Black "Matrix3x3a"]
[Result "0-1"]
[WhiteElo "2324"]
[BlackElo "2594"]
[TimeControl "180+1"]
[EndTime "8:28:14 PDT"]
[Termination "Matrix3x3a won by checkmate"]

1. e4 c5 2. d4 cxd4 3. c3 Nf6 4. e5 Nd5 5. Nf3 Nc6 6. Bc4 Nb6 7. Bb3 d5 8. exd6 Qxd6 9. O-O Be6 10. Bxe6 Qxe6 11. Nxd4 Nxd4 12. cxd4 Qd7 13. Nc3 g6 14. Re1 Bg7 15.
Bg5 e6 16. d5 Bxc3 17. bxc3 Qxd5 18. Qg4 O-O 19. Rad1 Qc4 20. Qh3 Nd5 21. Rd4 Qxc3 22.
Qxc3 Nxc3 23. Rd7 b6 24. Bf6 Nd5 25. Bg5 Rfc8 26. h4 Rc7 27. Rd6 Rac8 28. Kh2 Kg7 29. h5 h6 30. Bd8 Rb7 31. hxg6 Kxg6 32. Re5 Rc5 33. g3 Kg7 34. Rh5 Rc2 35. Kg2 Rxa2 36. Rh4 Rc2 37. Rg4+ Kh7 38. Kf3 Rc3+ 39. Ke2 Rc8 40. Rxd5 exd5 41. Bf6 Rg8 42. Rd4 Rg6 43.
Be5 Rd7 44. f4 Re6 45. Ra4 f6 46. Kf3 fxe5 47. f5 Rf6 48. Kg4 d4 49. Rc4 d3 50.
Rc8 d2 51. Kh5 d1=Q+ 52. g4 Qh1# 0-1

[Event "Early-Titled-Tuesday-Blitz-April-02-2024"]
[Site "Chess.com"]
[Date "2024.04.02"]
[Round "3"]
[White "MikeSailer"]
[Black "zsizsi99"]
[Result "0-1"]
[WhiteElo "2140"]
[BlackElo "2503"]
[TimeControl "180+1"]
[EndTime "8:28:14 PDT"]
[Termination "zsizsi99 won on time"]

1. d4 d5 2. Nf3 Nf6 3. Bf4 e6 4. e3 c5 5. Nc3 a6 6. Be2 b5 7. a3 Qb6 8. O-O Nc6 9. h3 Be7 10. Ne5 O-O 11. Nxc6 Qxc6 12. Bf3 b4 13. axb4 cxb4 14.
Nb1 a5 15. Nd2 Ba6 16. Be2 a4 17. Bxa6 Rxa6 18. Nf3 Rc8 19. Rc1 a3 20. Ne5 Qa8 21.
b3 Ne4 22. Qh5 g6 23. Qh6 Bf8 24. Qh4 f6 25. Nd7 g5 26. Nxf6+ Nxf6 27. Qxg5+ Bg7 28. Be5 Rf8 29. f4 Qb7 30. f5 Ne4 31. Qg4 a2 32.
Ra1 Qf7 33. f6 Qg6 34. Qxg6 hxg6 35. fxg7 Rc8 36. Kh2 Raa8 37. Rfc1 Nc3 38. Rf1 Rc6 0-1

[Event "Early-Titled-Tuesday-Blitz-April-02-2024"]
[Site "Chess.com"]
[Date "2024.04.02"]
[Round "3"]
[White "martinmena"]
[Black "Aalessia"]
[Result "0-1"]
[WhiteElo "2159"]
[BlackElo "2389"]
[TimeControl "180+1"]
[EndTime "8:28:14 PDT"]
[Termination "Aalessia won by resignation"]

1. c4 b6 2. Nc3 Bb7 3. e4 c5 4. g3 Nc6 5. Bg2 g6 6. Nge2 Bg7 7. O-O Nf6 8. d3 O-O 9. Bg5 Ne8 10. Qd2 Nc7 11.
Bh6 Ne6 12. Bxg7 Kxg7 13. f4 Ned4 14. e5 d6 15. Nxd4 cxd4 16. Ne2 dxe5 17. fxe5 Qc7 18.
Qf4 Nb4 19. Bxb7 Qxb7 20. Nxd4 Nxd3 21. Qg5 f6 22. Ne6+ Kh8 23. Qe3 Nxe5 24. Nxf8 Rxf8 25. b3 Rd8 26. Rad1 Rxd1 27. Rxd1 Nf3+ 28. Kf2 Nxh2 29.
Qf4 Kg7 30. Rd3 h5 31. Rd5 Qc8 32. Kg1 Qh3 33. Rd3 Ng4 34. Rd2 h4 35. gxh4 Qxh4 36.
Qf3 Qg5 37. Rg2 Qc1+ 38. Qf1 Qxf1+ 39. Kxf1 Ne3+ 40. Kf2 Nxg2 41. Kxg2 e5 42. b4 Kf7 43.
c5 bxc5 44. b5 Ke6 45. a4 Kd6 46. a5 c4 47. Kf3 c3 48. Ke2 e4 49. Ke3 f5 50. b6 axb6 51. a6 Kc7 52. a7 Kb7 53.
a8=Q+ Kxa8 0-1

[Event "Early-Titled-Tuesday-Blitz-April-02-2024"]
[Site "Chess.com"]
[Date "2024.04.02"]
[Round "3"]
[White "TitarovVasiliYouTube"]
[Black "Kushch_Nikolai"]
[Result "1-0"]
[WhiteElo "2637"]
[BlackElo "2445"]
[TimeControl "180+1"]
[EndTime "8:28:18 PDT"]
[Termination "TitarovVasiliYouTube won by resignation"]

1. g3 Nf6 2. Bg2 e5 3. Nf3 Nc6 4. O-O d5 5. d3 Be7 6. c4 d4 7.
Bg5 O-O 8. e3 h6 9. Bxf6 Bxf6 10. exd4 exd4 11. Nbd2 Bf5 12. Ne1 Qd7 13. Ne4 Be7 14.
a3 a5 15. Nc2 a4 16. Rb1 Na5 17. Nb4 Nb3 18. Nd5 c6 19. Nb6 Qc7 20. Nxa8 Rxa8 21. Qc2 Rd8 22. Rbe1 Bf8 23. Nd2 Nc5 24. Ne4 Nb3 25. Re2 Bg4 26. f3 Bf5 27. Rfe1 Bg6 28. f4 Bf5 29. Nf2 Qd7 30. Be4 Be6 31. Bf3 Bd6 32.
Ne4 Bc7 33. Rf2 Bf5 34. Bd1 Ba5 35. Ree2 Kh8 36. Qb1 Bg4 37. Bxb3 Bxe2 38. Bxa4 Bg4 39. Bd1 Bf5 40. Bf3 Bb6 41. c5 Bc7 42. b4 Be6 43.
Qb2 Qe7 44. Re2 Qd7 45. Nd2 Bd5 46. Bxd5 Qxd5 47. Qb3 Qf5 48. Ne4 Re8 49. Qd1 Re6 50.
Nf2 Qd5 51. Qe1 Rxe2 52. Qxe2 Qb3 53. Qe8+ Kh7 54. Qe4+ g6 55. Qxd4 Qxa3 56. Ne4 Qc1+ 57. Kg2 Qd1 58. Nf6+ Kh8 59. Ne8+ 1-0

[Event "Early-Titled-Tuesday-Blitz-April-02-2024"]
[Site "Chess.com"]
[Date "2024.04.02"]
[Round "3"]
[White "levallem"]
[Black "zajka-molotok"]
[Result "1-0"]
[WhiteElo "2333"]
[BlackElo "2540"]
[TimeControl "180+1"]
[EndTime "8:28:18 PDT"]
[Termination "levallem won on time"]

1. d4 g6 2. Nf3 Bg7 3. e3 d6 4. Be2 e5 5. O-O e4 6. Nfd2 f5 7. c4 Nf6 8. b4 O-O 9. Bb2 Nc6 10. Qb3 Kh8 11. a4 f4 12. exf4 Ng4 13. d5 Nd4 14. Bxd4 Bxd4 15. Ra3 e3 16. Bxg4 exf2+ 17. Kh1 Bxg4 18. Qg3 Be2 19. Rxf2 Bxf2 20. Qxf2 Qe7 21. Re3 Qf6 22. Rxe2 Qxf4 23. Qxf4 Rxf4 24. g3 Rd4 25.
Nc3 Rd3 26. Nb5 c6 27. Nxd6 cxd5 28. Nxb7 dxc4 29. Nxc4 Rf8 30. Nbd6 Rd4 31. Kg2 a6 32. b5 a5 33. b6 Rb8 34. b7 Kg7 35. Re7+ Kf6 36.
Rc7 Rd1 37. Rc8 Rxb7 38. Nxb7 Ra1 39. Nc5 h5 40. Nxa5 h4 41. Kh3 hxg3 42. hxg3 g5 43. Kg4 Ke5 44. Nab3 Ra3 45. Rg8 Kd5 46. Rxg5+ Kc4 47.
Kh5 Kc3 48. g4 Ra2 49. Rf5 Kc4 50. Kg6 Re2 51. g5 1-0